 Dungeon Crawl Stone Soup version 0.31.0-11-ge490571c62 (webtiles) character file.

Game seed: 6427866153947045951

18 qw the Shooter (level 2, -4/14 HPs)
             Began as a Spriggan Hunter on Feb 4, 2024.
             Slain by Terence
             ... wielding a +0 trident
              (9 damage)
             ... on level 2 of the Dungeon.
             The game lasted 00:00:02 (702 turns).

qw the Shooter (Spriggan Hunter)                     Turns: 702, Time: 00:00:03

Health: -4/14      AC:  2    Str:  7    XL:     2   Next: 51%
Magic:  3/3        EV: 19    Int: 10    God:
Gold:   20         SH:  0    Dex: 18    Spells: 1/1 levels left

rFire   . . .        a - +0 shortbow
rCold   . . .        (shield currently unavailable)
rNeg    . . .        c - +0 robe
rPois   .            (helmet restricted)
rElec   .            (no cloak)
rCorr   .            (gloves unavailable)
SInv    +            (boots unavailable)
Will    .....        (no amulet)
Stlth   ++           (no ring)
HPRegen 0.22/turn    (no ring)
MPRegen 0.08/turn

%: no passive effects
@: very quick
A: very small, no large weapons, unfitting armour, see invisible, speed 3
a: no special abilities


You were on level 2 of the Dungeon.
You visited 1 branch of the dungeon, and saw 2 of its levels.

You collected 20 gold pieces.


Innate Abilities, Weirdness & Mutations

You are very small and have problems with some larger weapons.
You are too small for most types of armour.
You have supernaturally acute eyesight. (SInv)
You cover ground extremely quickly. (Speed+++)


   Skills:
 - Level 1.5 Fighting
 + Level 4.1 Ranged Weapons
 - Level 4.0 Dodging
 - Level 1.5 Stealth


You had one spell level left.
You didn't know any spells.
Your spell library was empty.

Inventory:

Hand Weapons
 a - a +0 shortbow (weapon)
Armour
 c - a +0 robe (worn)
Potions
 b - a potion of heal wounds {unknown}
 d - a potion of lignification {unknown}
 e - a potion of mutation {unknown}

Dungeon Overview and Level Annotations

Branches:
Dungeon (2/15)

Altars:

Shops:
D:1 =

Annotations:
D:2 Terence


Message History

You shoot an arrow. The arrow hits the dart slug!
The dart slug is almost dead.
The dart slug launches a dart at you. The slug dart misses you.
You shoot an arrow. The arrow hits the dart slug.
You kill the dart slug!
You see here a dart slug corpse.
Terence the Incautious comes into view.
He is wielding a +0 trident.
You shoot an arrow. The arrow hits Terence.
Terence is lightly wounded.
You shoot an arrow.
The arrow hits Terence but does no damage.
Terence is lightly wounded.
You shoot an arrow. The arrow hits Terence.
Terence is moderately wounded.
Terence looks scornfully at you.
You shoot an arrow.
The arrow hits Terence but does no damage.
Terence is moderately wounded.
You shoot an arrow. The arrow closely misses Terence.
A rat comes into view.
Terence completely misses you.
The rat moves out of view.
You shoot an arrow. The arrow barely misses Terence.
Terence hits you from afar with a +0 trident.
You shoot an arrow. The arrow closely misses Terence.
Terence closely misses you.
You shoot an arrow.
The arrow hits Terence but does no damage.
Terence is moderately wounded.
Terence misses you.
You shoot an arrow. The arrow hits Terence.
Terence is heavily wounded.
Terence hits you from afar with a +0 trident.
You shoot an arrow. The arrow hits Terence.
Terence is heavily wounded.
Terence closely misses you.
Terence hits you from afar with a +0 trident!
Ouch! That really hurt!
You die...
Terence says, "Time to find some more victims."

##########
##...##...##
#..........##
###...#.....#
#...#.....#
##...#.....# #.
#...##....#####....
##...##...##..@..#
##...###.###.@#
##...## #..##%##
#...## #.....#
##...# #...###
#...## #...# #...#
#..## #...#### #.##
##.....# ..#
##.##.##...


You could see Terence.

Vanquished Creatures
  A dart slug (D:2)
  3 endoplasms (D:2)
  A hobgoblin (D:2)
  A quokka (D:1)
  2 bats (D:1)
  2 goblins
  5 kobolds
  A rat (D:2)
16 creatures vanquished.

Notes
Turn   | Place    | Note
-------+----------+-------------------------------------------
     0 | D:1      | qw the Spriggan Hunter began the quest for the Orb.
     0 | D:1      | Reached XP level 1. HP: 10/10 MP: 2/2
     0 | D:1      | 0 ||| qw: Version: 0.3-a-160-g6735b56
     0 | D:1      | 0 ||| qw: Game counter: 4872
     0 | D:1      | 0 ||| qw: Melee chars always use a shield: true
     0 | D:1      | 0 ||| qw: God list: Okawaru
     0 | D:1      | 0 ||| qw: Allow faded altars: false
     0 | D:1      | 0 ||| qw: Do Orc after clearing Dungeon:15 true
     0 | D:1      | 0 ||| qw: Do second Lair branch before Depths: true
     0 | D:1      | 0 ||| qw: Lair rune preference: random
     0 | D:1      | 0 ||| qw: Goals: Normal
     0 | D:1      | 0 ||| PLANNING D:1-11
     3 | D:1      | You fall into a shaft and drop 1 floor!
     8 | D:2      | Reached skill level 3 in Dodging
    14 | D:2      | 14 ||| DROPPING scroll of butterflies.
    21 | D:2      | 21 ||| FLEEEEING.
    22 | D:2      | 22 ||| STAIRDANCE
   219 | D:1      | Found Ibbeamai's Jewellery Boutique.
   227 | D:1      | 227 ||| SHOPLISTING +5 ring of evasion (504 gold, have 20).
   227 | D:1      | 227 ||| SHOPLISTING amulet of faith (560 gold, have 20).
   227 | D:1      | 227 ||| SHOPLISTING ring "Xoneots" {rC+ rCorr Str+6} (778
                  | gold, have 20).
   227 | D:1      | 227 ||| SHOPLISTING ring of ice (350 gold, have 20).
   227 | D:1      | 227 ||| SHOPLISTING ring of positive energy (280 gold, have
                  | 20).
   227 | D:1      | 227 ||| SHOPLISTING ring of protection from fire (350 gold,
                  | have 20).
   227 | D:1      | 227 ||| SHOPLISTING ring of resist corrosion (280 gold,
                  | have 20).
   227 | D:1      | 227 ||| SHOPLISTING ring of willpower (350 gold, have 20).
   550 | D:1      | Reached XP level 2. HP: 14/14 MP: 3/3
   588 | D:2      | 588 ||| STAIRDANCE
   692 | D:2      | Noticed Terence
   702 | D:2      | Slain by Terence

Levels and vault maps discovered:
D:1:      dpeg_arrival_pits, layout_loops_ring, serial_shops, shop,
          minmay_tromino_v4_b
D:2:      layout_rooms, kennysheep_big_empty_room, eino_curves_02,
          uniq_crazy_yiuf_cottage, uniq_terence, uniq_sigmund

Skill      XL: |  1  2 |
---------------+-------+-----
Dodging        | 3 4 |  4.0
Fighting       | |  1.5
Ranged Weapons | |  4.1
Stealth        | |  1.5

Action                     || total
---------------------------++-------
   Fire: Shortbow          ||    47
 Armour: Robe              ||     8
  Dodge: Dodged            ||    18

Table legend:
 A = Non-vault XP
 B = Vault XP
 C = Vault XP percentage of total XP
 D = Non-vault monster count
 E = Vault monster count
 F = Vault count percentage of total count
                 A         B        C        D         E       F
            +---------+---------+-------+---------+---------+-------
      Total |      26 |       1 |   3.7 |      15 |       1 |   6.2
            +---------+---------+-------+---------+---------+-------
        D:1 |       8 |       1 |  11.1 |       6 |       1 |  14.3
        D:2 |      18 |       0 |   0.0 |       9 |       0 |   0.0
            +---------+---------+-------+---------+---------+-------
